[Event "Titled Tuesday Blitz April 19 Late 2022"]
[White "Bortnyk, Olexandr"]
[Black "Dobrov, Vladimir"]
[WhiteFideId "14120828"]
[BlackFideId "4136594"]
[WhiteElo "2723"]
[BlackElo "2575"]
[Result "1/2-1/2"]
[Round "11"]
[TimeControl "180+1"]
[Date "2022.04.19"]
[WhiteClock "0:00:06"]
[BlackClock "0:00:06"]

1. e4 c6 2. c4 d5 3. cxd5 cxd5 4. exd5 Nf6 5. Qa4+ Nbd7 6. Nc3 g6 7. Bc4 Bg7 8. d3 O-O 9. Nf3 b6 10. O-O Bb7 11. Be3 a6 12. Qb4 b5 13. Bb3 Nb6 14. Bxb6 Qxb6 15. a4 Rfd8 16. axb5 Nxd5 17. Nxd5 Bxd5 18. Bxd5 Rxd5 19. Qe4 Qxb5 20. d4 e6 21. h4 h6 22. h5 gxh5 23. Rfc1 Rad8 24. Rc7 a5 25. Rac1 Rf5 26. Rc8 Qd5 27. Rxd8+ Qxd8 28. Qb7 Qd5 29. Qe7 Kh7 30. Qh4 a4 31. Rc5 Qb7 32. Rxf5 exf5 33. Qxh5 Kg8 34. Qxf5 Qxb2 35. Qc8+ Bf8 36. Ne5 Qxd4 37. Nd7 Qd1+ 38. Kh2 Qh5+ 39. Kg3 Qg6+ 40. Kf3 Qd6 41. Nxf8 Qxf8 42. Qg4+ Qg7 43. Qxa4 Qf6+ 44. Kg3 Qg7+ 45. Kh2 Qf6 46. Qa7 Kg7 47. g3 Qg5 48. Qd4+ Qf6 49. Qe3 Qg5 50. Qe2 Qg6 51. Kg1 Qf6 52. Qg4+ Qg6 53. Qb4 Qf6 54. Qc5 Qg6 55. Kg2 Qf6 56. Qd5 Qg6 57. f3 Qc2+ 58. Kh3 Qg6 59. g4 Qf6 60. Kg3 Qg6 61. f4 Qf6 62. Qd3 Qg6 63. Qe3 Qf6 64. Kf3 Qc6+ 65. Kf2 Qd5 66. Qc3+ Kh7 67. Kg3 Qe6 68. Qd3+ Kg7 69. Qd4+ Qf6 70. Qc5 Qe6 71. g5 hxg5 72. fxg5 Qe1+ 73. Kf4 Qd2+ 74. Ke4 Qe2+ 75. Kf4 Qd2+ 76. Kg4 Qe2+ 77. Kg3 Qd3+ 78. Kf2 Qd2+ 79. Kf3 Qd3+ 80. Kf4 Qd2+ 1/2-1/2


[Site "https://www.chess.com"]

[Event "Titled Tuesday Blitz April 19 Late 2022"]
[White "Bryakin, Mikhail"]
[Black "Vasquez Schroeder, Rodrigo"]
[WhiteFideId "4165314"]
[BlackFideId "3400042"]
[WhiteElo "2417"]
[BlackElo "2561"]
[Result "1-0"]
[Round "11"]
[TimeControl "180+1"]
[Date "2022.04.19"]
[WhiteClock "0:00:56"]
[BlackClock "0:01:02"]

1. e4 c5 2. c4 Nc6 3. Nf3 d6 4. Nc3 Bg4 5. Be2 g6 6. O-O Bg7 7. h3 Bxf3 8. Bxf3 e6 9. g3 Nge7 10. d3 O-O 11. Bg2 a6 12. f4 Rb8 13. Kh2 Nd4 14. Rb1 b5 15. b3 Qd7 16. Ne2 Nec6 17. Be3 bxc4 18. dxc4 f5 19. exf5 Nxf5 20. Bxc5 Rfd8 21. Bf2 Kh8 22. g4 Nfe7 23. Nd4 Rf8 24. Nxc6 Nxc6 25. Be3 e5 26. Qd2 exf4 27. Bxf4 Ne5 28. Bg3 Qe7 29. Qd5 Rbd8 30. Rbe1 Rxf1 31. Rxf1 Bf6 32. b4 Kg7 33. c5 Nf7 34. c6 Be5 35. Rxf7+ Qxf7 36. Bxe5+ dxe5 37. Qxd8 Qf4+ 38. Kh1 Qc1+ 39. Kh2 Qf4+ 40. Kg1 Qc1+ 41. Kf2 Qf4+ 42. Bf3 Qh2+ 43. Kf1 Qxh3+ 44. Bg2 Qxg4 45. Qd7+ 1-0


[Site "https://www.chess.com"]

[Event "Titled Tuesday Blitz April 19 Late 2022"]
[White "Buchenau, Frank"]
[Black "Barria Zuniga, Daniel"]
[WhiteFideId "4604350"]
[BlackFideId "3400816"]
[WhiteElo "2467"]
[BlackElo "2558"]
[Result "1/2-1/2"]
[Round "11"]
[TimeControl "180+1"]
[Date "2022.04.19"]
[WhiteClock "0:00:33"]
[BlackClock "0:00:48"]

1. e4 c5 2. Nf3 e6 3. d4 cxd4 4. Nxd4 Nf6 5. Nc3 Bb4 6. e5 Nd5 7. Qg4 Kf8 8. Bd2 d6 9. Qg3 dxe5 10. Qxe5 Nd7 11. Qg3 N7f6 12. O-O-O Bxc3 13. Bxc3 Ne4 14. Bb4+ Nxb4 15. Nxe6+ Bxe6 16. Rxd8+ Rxd8 17. Qa3 Nxf2 18. Qxb4+ Kg8 19. Be2 Nxh1 20. Qe1 h5 21. Qxh1 h4 22. Qg1 b6 23. Qf2 Rh6 24. Bf3 h3 25. g3 Bd5 26. Bxd5 Rxd5 27. c4 Rc5 28. b3 Rf6 29. Qe3 Rcf5 30. Qe8+ Kh7 31. Qe4 Kh6 32. Qh4+ Rh5 33. Qd4 Rhf5 34. Qh4+ Rh5 35. Qd4 Rhf5 36. Qh4+ 1/2-1/2


[Site "https://www.chess.com"]

[Event "Titled Tuesday Blitz April 19 Late 2022"]
[White "Caruana, Fabiano"]
[Black "Kozak, Adam"]
[WhiteFideId "2020009"]
[BlackFideId "753246"]
[WhiteElo "2744"]
[BlackElo "2459"]
[Result "1-0"]
[Round "11"]
[TimeControl "180+1"]
[Date "2022.04.19"]
[WhiteClock "0:00:22"]
[BlackClock "0:00:03"]

1. d4 Nf6 2. c4 e6 3. Nc3 Bb4 4. e3 O-O 5. a3 Bxc3+ 6. bxc3 c5 7. Bd3 b6 8. Nf3 Bb7 9. O-O d6 10. Re1 Ne4 11. Nd2 Nxd2 12. Bxd2 Nd7 13. e4 e5 14. d5 Bc8 15. a4 a5 16. Rb1 Rb8 17. h3 Qe7 18. g3 Re8 19. Kg2 Nf8 20. h4 Bd7 21. Bc2 Ng6 22. h5 Nh8 23. Rb2 f6 24. Qe2 Rb7 25. Reb1 Reb8 26. f4 h6 27. Qf3 Nf7 28. Kh2 Qe8 29. Qd1 Qc8 30. Qf1 Bg4 31. Bd1 Qd7 32. Bxg4 Qxg4 33. Qd1 Qd7 34. Kg2 Qe8 35. Qc2 Nd8 36. Rh1 Nf7 37. Rbb1 Kh8 38. Ra1 Kg8 39. Qd3 Re7 40. Rhe1 Nd8 41. Qf3 Nf7 42. Ra2 Qc8 43. Raa1 Qa6 44. Qd3 Qc8 45. Rab1 Qe8 46. Rb5 Kh8 47. Qf3 Kg8 48. Kf2 Kh8 49. Re2 Kg8 50. Bc1 Kh8 51. Ke1 Kg8 52. Kd1 Kh8 53. Bd2 Kg8 54. Re3 Kh8 55. Kc2 Kg8 56. Kd3 Kh8 57. Qg4 Kg8 58. Qf5 Kh8 59. Re1 Kg8 60. Reb1 Reb7 61. Qe6 Qd8 62. Rh1 Kf8 63. Rh4 Qe8 64. Rg4 Qxe6 65. dxe6 Nd8 66. f5 Nc6 67. Be3 Ne7 68. Ke2 Ra7 69. Rh4 Rab7 70. Rh1 Nc8 71. Rd1 Ke7 72. Kf3 Na7 73. Rb2 Nc8 74. Rh2 Kf8 75. Rh4 Rc7 76. Rg4 Rc6 77. Rg6 Ne7 78. g4 Rb7 79. Rh1 Rb8 80. Kg3 Rb7 81. Bd2 Nxg6 82. hxg6 Kg8 83. Be3 Rbc7 84. g5 fxg5 85. Kg4 Re7 86. Rb1 Re8 87. Rh1 Re7 88. Bxg5 hxg5 89. Kxg5 Rcc7 90. Rh7 Re8 91. Kg4 Ree7 92. Kg5 Re8 93. Kh4 Rce7 94. Kg4 Rxe6 95. fxe6 Rxe6 96. Kg5 Rf6 97. Rh1 Rf2 98. Rd1 Rg2+ 99. Kf5 Rf2+ 100. Ke6 Rf6+ 101. Kd7 Rxg6 102. Kc6 Rf6 103. Kxb6 g5 104. Kxa5 Kg7 105. Kb5 Rf4 106. a5 Rf2 107. a6 Rb2+ 108. Kc6 Ra2 109. Kb7 g4 110. Rg1 Rb2+ 111. Kc7 Ra2 112. Rxg4+ Kf6 113. Kb7 Rb2+ 114. Ka8 Rb3 115. a7 Ke7 116. Rg7+ Kd8 117. Rb7 Ra3 118. Kb8 1-0


[Site "https://www.chess.com"]

[Event "Titled Tuesday Blitz April 19 Late 2022"]
[White "Chigaev, Maksim"]
[Black "Dubov, Daniil"]
[WhiteFideId "4108116"]
[BlackFideId "24126055"]
[WhiteElo "2478"]
[BlackElo "2791"]
[Result "0-1"]
[Round "11"]
[TimeControl "180+1"]
[Date "2022.04.19"]
[WhiteClock "0:00:05"]
[BlackClock "0:00:27"]

1. e4 c6 2. Nf3 d5 3. d3 g6 4. e5 c5 5. d4 Nc6 6. Bb5 Bg7 7. O-O cxd4 8. Nxd4 Bd7 9. Bxc6 bxc6 10. Re1 c5 11. Nb3 c4 12. Nd4 e6 13. b3 Ne7 14. Bg5 O-O 15. Qd2 Rc8 16. c3 Re8 17. b4 Qc7 18. Qf4 Nf5 19. g4 h6 20. gxf5 hxg5 21. Qxg5 exf5 22. f4 a5 23. a3 f6 24. Qxg6 fxe5 25. fxe5 Rxe5 26. Nd2 Rce8 27. N2f3 Rxe1+ 28. Rxe1 Rxe1+ 29. Nxe1 axb4 30. axb4 Qf4 31. Nec2 Qc1+ 32. Kf2 Qd2+ 33. Kg1 Qxc3 34. h4 Qd3 35. h5 f4 36. b5 Kh8 37. Qb6 Qg3+ 38. Kf1 Bh3+ 39. Ke2 Bg4+ 40. Kd2 c3+ 0-1


[Site "https://www.chess.com"]

[Event "Titled Tuesday Blitz April 19 Late 2022"]
[White "Czopor, Maciej"]
[Black "Isajevsky, Anton"]
[WhiteFideId "21805431"]
[BlackFideId "4142500"]
[WhiteElo "1999"]
[BlackElo "2510"]
[Result "1-0"]
[Round "11"]
[TimeControl "180+1"]
[Date "2022.04.19"]
[WhiteClock "0:01:33"]
[BlackClock "0:00:10"]

1. d4 d5 2. c4 e6 3. Nc3 a6 4. cxd5 exd5 5. Bf4 Nf6 6. Nf3 Bd6 7. Bxd6 Qxd6 8. e3 Bf5 9. Be2 O-O 10. O-O Nc6 11. a3 Rfe8 12. Rc1 Ne4 13. Qb3 Nxc3 14. Rxc3 Nd8 15. Rfc1 c6 16. Qb6 Re7 17. Ne5 f6 18. Nd3 Bxd3 19. Bxd3 Qc7 20. Qb3 Nf7 21. Qxd5 Rd8 22. Qf5 h6 23. g3 Rd5 24. Qxd5 1-0


[Site "https://www.chess.com"]

[Event "Titled Tuesday Blitz April 19 Late 2022"]
[White "Dauner, Benedikt"]
[Black "Yoo, Christopher Woojin"]
[WhiteFideId "16225899"]
[BlackFideId "30909694"]
[WhiteElo "2230"]
[BlackElo "2105"]
[Result "0-1"]
[Round "11"]
[TimeControl "180+1"]
[Date "2022.04.19"]
[WhiteClock "0:00:05"]
[BlackClock "0:00:23"]

1. d4 Nf6 2. Nc3 d5 3. Bf4 e6 4. Nb5 Bb4+ 5. c3 Ba5 6. e3 a6 7. Na3 O-O 8. Nf3 b5 9. Be2 Nbd7 10. O-O Bb7 11. h3 Bb6 12. Ne5 c5 13. Nb1 Nxe5 14. Bxe5 Nd7 15. Bg3 Qe7 16. Nd2 e5 17. dxc5 Nxc5 18. b4 Na4 19. Rc1 Rac8 20. Qb3 d4 21. cxd4 exd4 22. e4 Rc3 23. Rxc3 dxc3 24. Nc4 Bc7 25. Bxc7 Qxc7 26. Ne3 Bxe4 27. Rc1 Rd8 28. Bg4 g6 29. Be6 Qb7 30. Bg4 h5 31. Be2 Rd2 32. Bf1 Qc7 33. Nd5 Bxd5 0-1


[Site "https://www.chess.com"]

[Event "Titled Tuesday Blitz April 19 Late 2022"]
[White "Wagner, Dinara"]
[Black "Melikhov, Evgeny V."]
[WhiteFideId "24157570"]
[BlackFideId "4122046"]
[WhiteElo "2216"]
[BlackElo "1931"]
[Result "1/2-1/2"]
[Round "11"]
[TimeControl "180+1"]
[Date "2022.04.19"]
[WhiteClock "0:00:10"]
[BlackClock "0:00:02"]

1. d4 Nf6 2. Nf3 d5 3. c4 e6 4. g3 dxc4 5. Bg2 Nc6 6. Qa4 Bb4+ 7. Bd2 Bd6 8. Qxc4 O-O 9. O-O e5 10. d5 Ne7 11. e4 Ng6 12. Nc3 a6 13. a3 h6 14. Rac1 Nh7 15. b4 f5 16. exf5 Bxf5 17. Ne4 Nf6 18. Nc5 b5 19. Qb3 Ne4 20. Be3 Qf6 21. Ne6 Rf7 22. Ne1 Ng5 23. Nxg5 hxg5 24. Nd3 Nf4 25. gxf4 gxf4 26. Bc5 Qg5 27. Kh1 f3 28. Bxf3 e4 29. Bg2 exd3 30. Bxd6 cxd6 31. Qc3 Re8 32. Qd4 Qf6 33. Qf4 Qe5 34. Qxe5 Rxe5 35. Rfd1 Be4 36. Bxe4 Rxe4 37. Rxd3 Rxf2 38. Rh3 Ree2 39. Rg1 Kf7 40. Rh4 Kf6 41. Rh5 g6 42. Rh3 g5 43. Rd1 Kf5 44. Rh6 Rd2 45. Rxd2 Rxd2 46. Rxd6 Kf4 47. Kg1 g4 48. Rxa6 Rxd5 49. Rf6+ Ke3 50. Kg2 Rd3 51. Rf5 Rxa3 52. Rxb5 Kf4 53. Rb8 Ra2+ 54. Kg1 Rb2 55. b5 g3 56. Rf8+ Ke4 57. hxg3 Rxb5 58. Kg2 Rg5 59. Kh3 Ke5 60. Kh4 Rg7 61. g4 Ke6 62. g5 Rf7 63. Re8+ Kf5 64. Re1 Kg6 65. Kg4 Ra7 66. Re6+ Kg7 67. Kh5 Ra5 68. Rb6 Rc5 69. Rb7+ Kg8 70. Kh6 Rc6+ 71. g6 Rc8 72. Rg7+ Kh8 73. Rh7+ Kg8 74. Re7 Kh8 75. Kg5 Kg8 76. Kf6 Ra8 77. Re6 Rb8 78. Rc6 Ra8 79. g7 Rb8 80. Kg6 Rb6 81. Rxb6 1/2-1/2


[Site "https://www.chess.com"]

[Event "Titled Tuesday Blitz April 19 Late 2022"]
[White "Gledura, Benjamin"]
[Black "Esipenko, Andrey"]
[WhiteFideId "712779"]
[BlackFideId "24175439"]
[WhiteElo "2326"]
[BlackElo "2617"]
[Result "0-1"]
[Round "11"]
[TimeControl "180+1"]
[Date "2022.04.19"]
[WhiteClock "0:00:10"]
[BlackClock "0:00:31"]

1. Nf3 d5 2. g3 b6 3. Bg2 Bb7 4. O-O e6 5. d4 Nf6 6. Ne5 Nbd7 7. c4 Bd6 8. Bf4 Ne4 9. Nc3 O-O 10. Rc1 Nxc3 11. Rxc3 Nxe5 12. dxe5 Bc5 13. cxd5 exd5 14. Qc2 c6 15. Rd1 Qe7 16. h4 h6 17. a3 a5 18. Be3 Bxe3 19. Rxe3 Rad8 20. f4 c5 21. Rb3 c4 22. Rf3 b5 23. Rf2 d4 24. Bxb7 Qxb7 25. a4 Rd5 26. Qe4 Qd7 27. axb5 Rb8 28. f5 Re8 29. e6 fxe6 30. f6 Rf8 31. b6 gxf6 32. b7 f5 33. Qf4 Qxb7 34. Rxd4 e5 35. Qxh6 exd4 36. Qe6+ Qf7 37. Qc6 d3 38. exd3 cxd3 39. h5 d2 0-1


[Site "https://www.chess.com"]

[Event "Titled Tuesday Blitz April 19 Late 2022"]
[White "Hernandez Bermudez, Ulises Eduardo"]
[Black "Novikova, Galina"]
[WhiteFideId "3902510"]
[BlackFideId "4157095"]
[WhiteElo "2056"]
[BlackElo "1863"]
[Result "1/2-1/2"]
[Round "11"]
[TimeControl "180+1"]
[Date "2022.04.19"]
[WhiteClock "0:00:50"]
[BlackClock "0:00:18"]

1. e4 e6 2. d4 d5 3. e5 c5 4. c3 Nc6 5. Nf3 Bd7 6. a3 f6 7. exf6 Nxf6 8. b4 cxd4 9. cxd4 Bd6 10. g3 O-O 11. Bg2 e5 12. dxe5 Nxe5 13. O-O Bc6 14. Nd4 Nc4 15. Nd2 Qd7 16. Qb3 Nxd2 17. Bxd2 Ba4 18. Qa2 Be5 19. Be3 Kh8 20. Rad1 Bxd1 21. Rxd1 Rad8 22. f4 Bc7 23. Kh1 Bb6 24. Bg1 Ne4 25. a4 a6 26. Qb3 Qg4 27. Rd3 Bxd4 28. Rxd4 Qe2 29. Rxd5 Rxd5 30. Qxd5 Nf2+ 31. Bxf2 Qxf2 32. Qc5 Qe1+ 33. Qg1 Qxg1+ 34. Kxg1 b6 35. a5 bxa5 36. bxa5 Rb8 37. Bf1 Ra8 38. Kf2 Kg8 39. Ke3 Kf7 40. Kd4 Kf6 41. Kc5 Kf5 42. Kb6 Kg4 43. Bxa6 Kh3 44. Bb7 Rd8 45. a6 Kxh2 46. g4 Kg3 47. a7 Kxf4 48. Kc7 Rf8 49. Bc8 Rf7+ 50. Bd7 Rf8 51. Bc8 Rf7+ 52. Kb8 Rxa7 53. Kxa7 g6 54. Kb6 h5 55. gxh5 gxh5 56. Kc5 h4 57. Kd4 Kg3 58. Ke3 h3 59. Bxh3 1/2-1/2


[Site "https://www.chess.com"]

[Event "Titled Tuesday Blitz April 19 Late 2022"]
[White "Herrera Reyes, Jose Antonio"]
[Black "Oparin, Grigoriy"]
[WhiteFideId "2274914"]
[BlackFideId "24125890"]
[WhiteElo "2361"]
[BlackElo "2665"]
[Result "0-1"]
[Round "11"]
[TimeControl "180+1"]
[Date "2022.04.19"]
[WhiteClock "0:00:14"]
[BlackClock "0:00:14"]

1. e4 c5 2. Nc3 d6 3. d4 cxd4 4. Qxd4 Nc6 5. Qd2 g6 6. b3 Bh6 7. f4 e5 8. Nb5 Bxf4 9. Qxd6 Qxd6 10. Nxd6+ Kf8 11. Ba3 Nge7 12. Bc4 Be6 13. Bxe6 fxe6 14. Nxb7 Kf7 15. Nf3 g5 16. g3 g4 17. Nh4 Bg5 18. Rf1+ Kg7 19. Nc5 Nd4 20. Rd1 Bxh4 21. Rxd4 exd4 22. Nxe6+ Kh6 23. Bc1+ Kg6 24. gxh4 Rae8 25. h5+ Kxh5 26. Ng7+ Kg6 27. Nxe8 Rxe8 28. Kd2 Nc6 29. Kd3 Ne5+ 30. Kxd4 Nf3+ 31. Ke3 Nxh2 32. Rd1 Kh5 33. Kf4 Kh4 34. Ba3 g3 35. e5 g2 36. Bc5 Ng4 37. Kf5 Rxe5+ 38. Kf4 Rxc5 39. c4 Rc8 40. Kf3 Kh3 41. Rd7 h5 0-1


[Site "https://www.chess.com"]

[Event "Titled Tuesday Blitz April 19 Late 2022"]
[White "Hnydiuk, Aleksander"]
[Black "Golubev, Mikhail"]
[WhiteFideId "1109057"]
[BlackFideId "14100983"]
[WhiteElo "2374"]
[BlackElo "2374"]
[Result "0-1"]
[Round "11"]
[TimeControl "180+1"]
[Date "2022.04.19"]
[WhiteClock "0:01:07"]
[BlackClock "0:02:07"]

1. e4 c5 2. Nf3 d6 3. d4 cxd4 4. Nxd4 Nf6 5. Nc3 g6 6. Be3 Bg7 7. f3 Nc6 8. Qd2 O-O 9. O-O-O d5 10. exd5 Nxd5 11. Nxc6 bxc6 12. Bd4 Bxd4 13. Qxd4 Qb6 14. Na4 Qa5 15. b3 Qc7 16. Kb2 Bf5 17. h4 Nb6 18. Be2 Rfd8 19. Qb4 Nxa4+ 20. Qxa4 Qe5+ 0-1


[Site "https://www.chess.com"]

[Event "Titled Tuesday Blitz April 19 Late 2022"]
[White "Hoffmann, Asa"]
[Black "Nazaretyan, Tigran"]
[WhiteFideId "2001470"]
[BlackFideId "24162345"]
[WhiteElo "2117"]
[BlackElo "2225"]
[Result "1-0"]
[Round "11"]
[TimeControl "180+1"]
[Date "2022.04.19"]
[WhiteClock "0:00:59"]
[BlackClock "0:01:05"]

1. d4 Nf6 2. Bg5 d5 3. Nd2 Nbd7 4. c4 e6 5. e3 Be7 6. f4 c5 7. Ngf3 O-O 8. Bd3 h6 9. Bh4 Ng4 10. Bxe7 Qxe7 11. Qe2 cxd4 12. exd4 dxc4 13. Bxc4 Nb6 14. Bb3 Bd7 15. O-O Qd6 16. h3 Nf6 17. Qe5 Qe7 18. f5 Rfe8 19. Rae1 Qd8 20. fxe6 Bxe6 21. Qg3 Bxb3 22. Nxb3 Qd5 23. Ne5 a5 24. Rxf6 a4 25. Rxf7 Qxf7 26. Nxf7 Rxe1+ 27. Qxe1 axb3 28. Nxh6+ gxh6 29. Qe6+ Kg7 30. axb3 Ra6 31. Qe7+ Kg6 32. Qxb7 Ra1+ 33. Kh2 1-0


[Site "https://www.chess.com"]

[Event "Titled Tuesday Blitz April 19 Late 2022"]
[White "Ivanisevic, Ivan"]
[Black "Koziorowicz, Michal"]
[WhiteFideId "912417"]
[BlackFideId "21809194"]
[WhiteElo "2495"]
[BlackElo "2235"]
[Result "0-1"]
[Round "11"]
[TimeControl "180+1"]
[Date "2022.04.19"]
[WhiteClock "0:00:04"]
[BlackClock "0:00:22"]

1. d4 f5 2. Nf3 Nf6 3. h3 e6 4. g4 d5 5. Bf4 Bd6 6. Bxd6 Qxd6 7. e3 O-O 8. Nbd2 Ne4 9. Ne5 Nc6 10. f4 Nxe5 11. dxe5 Qb6 12. Qf3 Qxb2 13. Rd1 Nc3 14. gxf5 Rxf5 15. Bd3 Rf7 16. Qh5 Nxd1 17. Bxh7+ Kf8 18. Qxd1 Qc3 19. Ke2 b6 20. Nf3 Ba6+ 21. Kf2 Ke7 22. Bg6 Rff8 23. Rg1 Rh8 24. Rg3 Raf8 25. h4 Kd8 26. h5 Kc8 27. Ng5 Qc6 28. Qg4 Kb8 29. Kg1 Bc8 30. Nf3 Qc3 31. Bd3 Qa1+ 32. Kf2 Qxa2 33. Rg1 Ba6 34. Bxa6 Qxa6 35. Qxe6 Qc4 36. Rxg7 Qxc2+ 37. Kg3 Rxh5 38. Qxd5 Rfh8 39. Rg8+ Rxg8+ 40. Qxg8+ Kb7 41. Qd5+ Qc6 42. e4 a5 43. Kg4 Rh8 44. f5 a4 45. f6 Qxd5 46. exd5 a3 47. Nd4 a2 48. Nb3 Kc8 49. e6 Kd8 50. Kg5 Rg8+ 51. Kh6 Rg1 52. Kh7 Ke8 53. Kh8 a1=Q 54. Nxa1 Rxa1 55. Kg7 Rg1+ 56. Kh6 b5 0-1


[Site "https://www.chess.com"]

[Event "Titled Tuesday Blitz April 19 Late 2022"]
[White "Jaferian, Koosha"]
[Black "Koutlas, Nikolaos"]
[WhiteFideId "12507440"]
[BlackFideId "25827138"]
[WhiteElo "2030"]
[BlackElo "1645"]
[Result "1/2-1/2"]
[Round "11"]
[TimeControl "180+1"]
[Date "2022.04.19"]
[WhiteClock "0:00:07"]
[BlackClock "0:00:06"]

1. Nf3 Nf6 2. b3 g6 3. Bb2 Bg7 4. g3 O-O 5. Bg2 c5 6. c4 Nc6 7. O-O d6 8. d4 cxd4 9. Nxd4 Bd7 10. Nc3 Rc8 11. Qd2 a6 12. Rac1 Nxd4 13. Qxd4 Bc6 14. Rfd1 Ne4 15. Qd3 Nxc3 16. Bxc3 Bxg2 17. Kxg2 Bxc3 18. Rxc3 Qa5 19. Rc2 b5 20. Rdc1 bxc4 21. Rxc4 Rxc4 22. Rxc4 Qxa2 23. Ra4 Qb2 24. Rxa6 Rb8 25. Qe3 Qe5 26. Qxe5 dxe5 27. Ra3 f5 28. Kf3 Kf7 29. Ke3 Ke6 30. Kd3 h5 31. Kc3 g5 32. b4 h4 33. Ra6+ Kd5 34. Rg6 hxg3 35. hxg3 g4 36. Kb3 Rb7 37. Rg8 e4 38. e3 e5 39. Rf8 Ke6 40. Re8+ Kf6 41. Rf8+ Ke6 42. Rc8 f4 43. gxf4 exf4 44. exf4 Kf5 45. Rf8+ Ke6 46. f5+ Ke5 47. f6 Kf4 48. Rg8 Kf3 49. Rg7 Rb8 50. f7 Rf8 51. b5 Kxf2 52. Rxg4 e3 53. Rf4+ Ke2 54. Kc3 Kd1 55. Kd3 e2 56. Re4 e1=Q 57. Rxe1+ Kxe1 58. Kc4 Rxf7 59. b6 Rf6 60. Kb5 Rf7 61. Ka6 Kd2 62. b7 Rf8 63. Ka7 Rf7 64. Ka8 Rxb7 65. Kxb7 1/2-1/2


[Site "https://www.chess.com"]

[Event "Titled Tuesday Blitz April 19 Late 2022"]
[White "Janturin, Artur"]
[Black "Petesch, Gabriel"]
[WhiteFideId "4130022"]
[BlackFideId "2032465"]
[WhiteElo "2406"]
[BlackElo "2524"]
[Result "0-1"]
[Round "11"]
[TimeControl "180+1"]
[Date "2022.04.19"]
[WhiteClock "0:00:02"]
[BlackClock "0:00:05"]

1. b3 Nf6 2. Bb2 g6 3. Bxf6 exf6 4. c4 d5 5. cxd5 Qxd5 6. Nc3 Qd8 7. g3 Bg7 8. Bg2 O-O 9. Nf3 f5 10. O-O Re8 11. Rc1 c6 12. d4 Nd7 13. e3 Nb6 14. Qd3 a5 15. Rfd1 Be6 16. Nd2 a4 17. Nc4 axb3 18. axb3 Nd5 19. Nxd5 cxd5 20. Nd2 Qb6 21. Rc5 Bf8 22. Rxd5 Bxd5 23. Bxd5 Kg7 24. Nc4 Qb5 25. Bf3 Ra2 26. d5 Rd8 27. d6 Rd7 28. h4 Ra6 29. Qd4+ f6 30. Be2 Qb4 31. h5 gxh5 32. Bxh5 Qxb3 33. Qd5 Bxd6 34. Nxd6 Qxd5 35. Ne8+ Kf8 36. Rxd5 Rxd5 37. Nc7 Rd2 0-1


[Site "https://www.chess.com"]

[Event "Titled Tuesday Blitz April 19 Late 2022"]
[White "Jaskolka, Tomasz"]
[Black "Solon, Nathan"]
[WhiteFideId "1170791"]
[BlackFideId "2017229"]
[WhiteElo "2420"]
[BlackElo "2544"]
[Result "1-0"]
[Round "11"]
[TimeControl "180+1"]
[Date "2022.04.19"]
[WhiteClock "0:00:10"]
[BlackClock "0:00:07"]

1. d4 d5 2. Bf4 c5 3. e3 cxd4 4. exd4 Nc6 5. c3 f6 6. Nd2 e5 7. dxe5 fxe5 8. Bg3 Nf6 9. Ngf3 e4 10. Nd4 Nxd4 11. cxd4 Bd6 12. Bb5+ Ke7 13. Bh4 Qb6 14. Qe2 Qxd4 15. O-O a6 16. Nb3 Qe5 17. f4 exf3 18. Rxf3 Be6 19. Qxe5 Bxe5 20. Re1 axb5 21. Rxe5 Kf7 22. Nc5 Bc8 23. Rxd5 Rxa2 24. Rd6 Rxb2 25. Ne4 Re8 26. Nxf6 gxf6 27. Rdxf6+ Kg8 28. h3 Be6 29. Rg3+ Kh8 30. Rf4 h5 31. Bf6+ Kh7 32. Bxb2 1-0


[Site "https://www.chess.com"]

[Event "Titled Tuesday Blitz April 19 Late 2022"]
[White "Jegorovas, Aleksandras"]
[Black "Janaszak, Dawid"]
[WhiteFideId "12801950"]
[BlackFideId "1119206"]
[WhiteElo "2247"]
[BlackElo "2199"]
[Result "1-0"]
[Round "11"]
[TimeControl "180+1"]
[Date "2022.04.19"]
[WhiteClock "0:00:49"]
[BlackClock "0:00:16"]

1. Nf3 f5 2. g3 Nf6 3. Bg2 e6 4. O-O Be7 5. d4 O-O 6. c4 d6 7. Nc3 Qe8 8. Qc2 Nbd7 9. e4 fxe4 10. Nxe4 e5 11. dxe5 Nxe5 12. Nxe5 dxe5 13. b3 Qh5 14. Bb2 Bh3 15. Nxf6+ Bxf6 16. Qe4 c6 17. Bxh3 Qxh3 18. Rad1 Rae8 19. Bc1 Bd8 20. Be3 Bb6 21. Bxb6 axb6 22. Rd2 Rf6 23. Rfd1 Rh6 24. Qg2 Qf5 25. Rd8 Re6 26. Rxe8+ Rxe8 27. f3 e4 28. fxe4 Rxe4 29. Qf2 Qxf2+ 30. Kxf2 Re7 31. Rd8+ Kf7 32. Rb8 Ke6 33. Ke3 Kd6+ 34. Kd3 Kc5 35. a3 Rf7 36. b4+ Kd6 37. Ke3 Kc7 38. Rh8 g6 39. h4 c5 40. b5 Kd6 41. Ke4 Re7+ 42. Kf4 Rf7+ 43. Kg5 Rf3 44. Rxh7 Rxg3+ 45. Kf6 Rg4 46. Rxb7 Rxc4 47. Rxb6+ Kd5 48. Kg5 Ra4 49. Rxg6 c4 50. Rg8 c3 51. Rd8+ Ke4 52. Rc8 Kd3 53. b6 Rc4 54. Rxc4 Kxc4 55. b7 c2 56. b8=Q c1=Q+ 57. Qf4+ 1-0


[Site "https://www.chess.com"]

[Event "Titled Tuesday Blitz April 19 Late 2022"]
[White "Kaasen, Tor Fredrik"]
[Black "Ibadov, Dashgyn"]
[WhiteFideId "1516647"]
[BlackFideId "24107514"]
[WhiteElo "2335"]
[BlackElo "2138"]
[Result "1-0"]
[Round "11"]
[TimeControl "180+1"]
[Date "2022.04.19"]
[WhiteClock "0:00:21"]
[BlackClock "0:00:38"]

1. e4 e6 2. d4 d5 3. Nc3 Nf6 4. e5 Nfd7 5. f4 c5 6. Nf3 Nc6 7. Be3 cxd4 8. Nxd4 Bc5 9. Qd2 O-O 10. O-O-O a6 11. Kb1 Nxd4 12. Bxd4 b5 13. h4 b4 14. Ne2 a5 15. h5 Ba6 16. Rh3 Qc7 17. Rg3 Bxe2 18. Bxe2 Rfc8 19. Bxc5 Nxc5 20. Bd3 Rab8 21. Re1 a4 22. f5 Nxd3 23. Rxd3 b3 24. cxb3 axb3 25. axb3 exf5 26. Rxd5 h6 27. Rc1 Qb7 28. Rxc8+ Rxc8 29. Rd8+ Rxd8 30. Qxd8+ Kh7 31. Qd3 g6 32. hxg6+ Kxg6 33. g3 Qh1+ 34. Kc2 Qg2+ 35. Kc3 Qc6+ 36. Kb4 h5 37. Qd6+ 1-0


[Site "https://www.chess.com"]

[Event "Titled Tuesday Blitz April 19 Late 2022"]
[White "Karttunen, Mika"]
[Black "Prohorov, Olexandr"]
[WhiteFideId "502081"]
[BlackFideId "14105578"]
[WhiteElo "2587"]
[BlackElo "2429"]
[Result "1-0"]
[Round "11"]
[TimeControl "180+1"]
[Date "2022.04.19"]
[WhiteClock "0:00:02"]
[BlackClock "0:00:48"]

1. e4 c5 2. Nf3 e6 3. d4 cxd4 4. Nxd4 Qb6 5. Nb3 Nf6 6. Nc3 Bb4 7. Qf3 d5 8. exd5 Nxd5 9. Bd2 O-O 10. Bd3 Nc6 11. Qg3 f5 12. O-O-O Nxc3 13. bxc3 Ba3+ 14. Kb1 e5 15. Bc4+ Kh8 16. f4 e4 17. Be3 Qc7 18. Bd5 Ne7 19. c4 a5 20. Bd4 Ng6 21. h4 Qxf4 22. Qe1 Ne7 23. h5 Nxd5 24. h6 Qxh6 25. Rxh6 1-0


[Site "https://www.chess.com"]

[Event "Titled Tuesday Blitz April 19 Late 2022"]
[White "Keymer, Vincent"]
[Black "Bacrot, Etienne"]
[WhiteFideId "12940690"]
[BlackFideId "605506"]
[WhiteElo "2557"]
[BlackElo "2673"]
[Result "0-1"]
[Round "11"]
[TimeControl "180+1"]
[Date "2022.04.19"]
[WhiteClock "0:00:01"]
[BlackClock "0:01:00"]

1. Nf3 d5 2. e3 Nf6 3. c4 e6 4. Nc3 Be7 5. b3 O-O 6. Bb2 b6 7. cxd5 exd5 8. d4 c5 9. h3 Bb7 10. Bd3 Nbd7 11. O-O a6 12. Rc1 Re8 13. Ne2 Bf8 14. Ng3 Rc8 15. Qe2 Ra8 16. Rfd1 g6 17. Qf1 Qe7 18. Ne5 Bg7 19. f4 Nf8 20. Ba3 N6d7 21. Re1 Qd8 22. Kh2 cxd4 23. exd4 Ne6 24. Qf2 Nf6 25. f5 Ng5 26. Qf4 Nge4 27. fxg6 fxg6 28. Rf1 b5 29. h4 Rc8 30. Rxc8 Bxc8 31. Bxe4 dxe4 32. Nxe4 Ng4+ 33. Nxg4 Qxh4+ 34. Kg1 Bxd4+ 35. Nef2 Qxg4 36. Qxg4 Bxg4 37. Bb2 Bb6 38. Rd1 Bxf2+ 0-1


[Site "https://www.chess.com"]